 Dungeon Crawl Stone Soup version 0.28.0-45-g0d030f2227 (webtiles) character file.

Game seed: 15379107090451221001

17131 seaoflcl the Basher (level 12, -1/97 HPs)
             Began as a Human Fighter on Apr 10, 2022.
             Was a Believer of the Shining One.
             Slain by a tyrant leech (24 damage)
             ... on level 1 of the Swamp.
             The game lasted 00:30:37 (15606 turns).

seaoflcl the Basher (Human Fighter)                Turns: 15606, Time: 00:30:37

Health: -1/97      AC: 16    Str: 21    XL:     12   Next: 78%
Magic:  0/12       EV:  8    Int:  9    God:    the Shining One [**....]
Gold:   596        SH:  0    Dex: 19    Spells: 11/11 levels left

rFire   x . .      SeeInvis .   e - +7 dire flail (holy)
rCold   + . .      Faith    .   (shield currently unavailable)
rNeg    + . .      Spirit   +   b - +0 plate armour
rPois   .          Reflect  .   (no helmet)
rElec   .          Harm     .   (no cloak)
rCorr   .          Rampage  .   r - +0 pair of gloves
Will    .....                   (no boots)
Stlth   ..........              j - amulet of guardian spirit
HPRegen 0.26/turn               A - ring of ice
MPRegen 0.13/turn               J - +6 ring of dexterity

@: about to teleport, glowing
A: no striking features
a: Renounce Religion, Divine Shield


You were on level 1 of the Swamp.
You worshipped the Shining One.
The Shining One was pleased with you.
You visited 4 branches of the dungeon, and saw 13 of its levels.
You also visited: Ossuary.

You collected 714 gold pieces.
You spent 118 gold pieces at shops.

Inventory:

Hand Weapons
 a - a +1 long sword
 e - a +7 dire flail of holy wrath (weapon)
 g - a +0 hunting sling
 C - a +3 battleaxe
 L - a +2 rapier of holy wrath
Missiles
 n - 30 sling bullets
Armour
 b - a +0 plate armour (worn)
 c - a +0 buckler
 r - a +0 pair of gloves (worn)
Jewellery
 j - an amulet of guardian spirit (around neck)
 A - a ring of ice (left hand)
 I - a +6 ring of intelligence
 J - a +6 ring of dexterity (right hand)
 P - an amulet of the acrobat
Wands
 o - a wand of polymorph (14)
 E - a wand of iceblast (17) (quivered)
 G - a wand of mindburst (6)
 H - a wand of acid (8)
Scrolls
 h - a scroll of immolation {unknown}
 k - a scroll of summoning
 m - 3 scrolls of vulnerability
 s - a scroll of brand weapon {unknown}
 t - 6 scrolls of noise
 u - 2 scrolls of acquirement {unknown}
 v - 5 scrolls of teleportation
 w - 2 scrolls of torment {unknown}
 x - 3 scrolls of enchant armour {unknown}
 y - a scroll of magic mapping {unknown}
 z - a scroll of fog {unknown}
 N - a scroll of amnesia {unknown}
 O - a scroll of identify
 Q - a scroll of blinking
Potions
 d - 4 potions of might
 f - 2 potions of brilliance {unknown}
 i - 2 potions of invisibility
 l - 3 potions of mutation
 p - 4 potions of lignification
 q - 3 potions of flight {unknown}
 B - 4 potions of attraction {unknown}
 D - 3 potions of cancellation {unknown}
 F - a potion of haste {unknown}
 M - a potion of berserk rage {unknown}
Miscellaneous
 K - a condenser vane


   Skills:
 + Level 10.2 Fighting
 + Level 5.1 Long Blades
 + Level 13.1 Maces & Flails
 + Level 1.1 Slings
 + Level 10.5 Armour
 + Level 2.1 Dodging
 + Level 1.0 Stealth
 + Level 3.7 Shields
 + Level 1.2 Invocations


You had 11 spell levels left.
You didn't know any spells.
Your spell library contained the following spells:

 Spells                   Type           Power      Damage    Failure   Level
 Foxfire                  Conj/Fire      0%         2x1d4     99%         1
 Shock                    Conj/Air       0%         1d3       99%         1
 Conjure Flame            Conj/Fire      0%         6-21      100%        3
 Inner Flame              Hex/Fire       0%         N/A       100%        3
 Swiftness                Air            0%         N/A       100%        3
 Airstrike                Air            0%         N/A       100%        4
 Flame Wave               Conj/Fire      0%         2d4       100%        4
 Passage of Golubria      Tloc           0%         N/A       100%        4
 Silence                  Hex/Air        0%         N/A       100%        5
 Lehudib's Crystal Spear  Conj/Erth      0%         10d2      100%        8


Dungeon Overview and Level Annotations

Branches:
Dungeon (9/15)             Temple (1/1) D:5            Lair (2/6) D:9
  Swamp (1/4) Lair:2      Ossuary (visited)
  Snake: Lair:2-4    Spider: Lair:2-4       Orc: D:9-12

Altars:
Cheibriados
Gozag
Nemelex Xobeh
Qazlal
Trog
Uskayaw
Vehumet
Xom
Yredelemnul
Zin
The Shining One

Shops:
D:3 *(!!*

Annotations:
Lair:2 2 runed translucent doors, AverageBear's ghost, journeyman DDFi


Message History

You barely miss the swamp worm. The swamp worm barely misses you.
You puncture the swamp worm!
The swamp worm is moderately wounded.
The swamp worm bites you but does no damage.
You thump the swamp worm!
The swamp worm is severely wounded.
The swamp worm bites you.
You hit the swamp worm but do no damage.
The swamp worm is severely wounded.
You impale the swamp worm!!
You kill the swamp worm!
The tyrant leech barely misses you.
You barely miss the tyrant leech. You hit the tyrant leech.
The tyrant leech is lightly wounded.
The tyrant leech bites you but does no damage.
You puncture the tyrant leech!
The tyrant leech is moderately wounded.
You impale the tyrant leech!!
The tyrant leech is heavily wounded.
The tyrant leech bites you!
The tyrant leech draws strength from your injuries!
You barely miss the tyrant leech.
The tyrant leech is heavily wounded.
You completely miss the tyrant leech.
The tyrant leech is heavily wounded.
The tyrant leech bites you!!
The tyrant leech draws strength from your injuries!
You closely miss the tyrant leech.
The tyrant leech is moderately wounded.
You barely miss the tyrant leech.
The tyrant leech is moderately wounded.
The tyrant leech bites you!!
* * * LOW HITPOINT WARNING * * *
The tyrant leech draws strength from your injuries!
Okay, then.
As you read the scroll of teleportation, it crumbles to dust.
You feel strangely unstable. The tyrant leech bites you!!
You die...

♣♣♣♣ ≈...≈♣ ≈§...≈♣ ≈
.≈≈≈.♣♣ ♣♣♣ ≈≈
.≈≈≈..♣♣♣♣≈♣♣ .♣ ≈≈.
♣≈...?≈...♣ ≈.♣
≈≈≈.♣♣≈≈≈≈.....♣ ♣≈♣♣
≈≈≈..§.≈≈≈.^..≈♣♣♣♣♣≈.♣♣
≈≈≈≈≈....@≈≈≈..≈♣≈...≈.♣
≈≈≈≈≈≈≈.w.§≈≈≈....≈≈≈≈≈♣♣
≈≈≈≈§≈††≈.≈≈≈.♣♣...≈≈≈≈≈♣
≈≈§≈≈≈§.♣♣.≈..♣♣.......♣♣
...≈≈≈≈.≈♣♣♣♣♣♣♣≈≈≈≈≈<..♣
.≈≈.≈≈≈.. ♣♣≈≈≈≈≈≈.♣
≈≈≈≈≈≈≈≈≈≈ ♣≈≈...≈≈.♣
♣.≈≈≈≈≈≈≈≈ ≈.≈≈♣♣♣♣♣≈♣♣♣
♣≈..≈≈≈§... ♣♣♣♣ ♣♣♣


You could see a tyrant leech.

Vanquished Creatures
  3 hydras (Lair:2)
  3 death yaks (D:9)
  A two-headed ogre (D:9)
  A lindwurm (Lair:1)
  Pikel (D:8)
  2 cane toads
  Psyche (D:9)
  4 komodo dragons (Lair:2)
  A troll (D:9)
  A tyrant leech (Lair:2)
  A hornet (D:7)
  4 blink frogs (Lair:1)
  A shadow (D:9)
  2 wyverns
  26 yaks
  Edmund (D:4)
  4 water moccasins
  3 swamp worms
  4 orc warriors
  An ice beast (D:6)
  2 sky beasts
  A black bear (D:6)
  2 ogres
  2 centaurs
  2 phantoms
  2 lemures (D:8)
  2 kobold brigands
  5 bullfrogs
  3 scorpions
  2 water moccasin skeletons (D:6)
  9 killer bees
  13 wights
  An electric eel (Lair:2)
  3 howler monkeys (D:9)
  3 centaur zombies
  2 orc priests
  4 hounds
  2 jellies (D:7)
  A centaur skeleton (D:6)
  A gnoll shaman (D:9)
  2 iguanas
  A scorpion zombie (D:5)
  4 orc wizards
  A killer bee zombie (D:4)
  2 mummies
  A howler monkey zombie (D:9)
  4 gnolls
  2 howler monkey skeletons
  4 adders
  A shadow imp (D:7)
  A white imp (D:4)
  An ufetubus (D:5)
  4 dart slugs
  21 orcs
  7 endoplasms
  2 giant cockroaches
  10 goblins
  6 hobgoblins
  4 jackals
  3 quokkas
  8 ball pythons
  4 bats
  2 frilled lizards
  20 kobolds
  6 rats
248 creatures vanquished.

Vanquished Creatures (others)
  2 fungi
  7 plants (Lair:2)
  3 withered plants (Ossuary)
12 creatures vanquished.

Grand Total: 260 creatures vanquished

Notes
Turn   | Place    | Note
-------+----------+-------------------------------------------
     0 | D:1      | seaoflcl the Human Fighter began the quest for the Orb.
     0 | D:1      | Reached XP level 1. HP: 18/18 MP: 1/1
    98 | D:1      | Reached XP level 2. HP: 10/24 MP: 2/2
   740 | D:1      | Reached XP level 3. HP: 25/29 MP: 3/3
  1664 | D:2      | Reached XP level 4. HP: 34/35 MP: 4/4
  2464 | D:3      | Found Onorreish's Distillery.
  2464 | D:3      | Found Bysale's General Store.
  2516 | D:3      | Bought a scroll of identify for 22 gold pieces
  2714 | D:3      | Found Ovikiv's General Store.
  2828 | D:3      | Found Wupeoq's Antique Weapon Emporium.
  2874 | D:3      | Found Zoehoen's Distillery.
  2882 | D:3      | Bought a potion of curing for 36 gold pieces
  2882 | D:3      | Bought a potion of heal wounds for 60 gold pieces
  3077 | D:4      | Noticed an ogre
  3100 | D:4      | Reached XP level 5. HP: 38/41 MP: 5/5
  3107 | D:4      | Killed an ogre
  3108 | D:4      | Reached skill level 1 in Dodging
  3108 | D:4      | Reached XP level 6. HP: 25/48 MP: 1/6
  3389 | D:4      | Found a sand-covered staircase.
  3424 | Ossuary  | Entered an ossuary
  4304 | D:4      | Noticed Edmund
  4320 | D:4      | Killed Edmund
  4321 | D:4      | Reached XP level 7. HP: 32/54 MP: 3/7
  4578 | D:5      | Entered Level 5 of the Dungeon
  4579 | D:5      | Found a staircase to the Ecumenical Temple.
  4588 | D:5      | Reached skill level 5 in Long Blades
  4601 | D:5      | Reached skill level 1 in Maces & Flails
  4616 | Temple   | Entered the Ecumenical Temple
  4646 | Temple   | Became a worshipper of the Shining One
  4702 | D:5      | Reached skill level 1 in Slings
  5152 | D:5      | Reached skill level 2 in Maces & Flails
  5288 | D:5      | Noticed a water moccasin
  5292 | D:5      | Killed a water moccasin
  5293 | D:5      | Reached XP level 8. HP: 34/61 MP: 6/8
  5759 | D:6      | Reached skill level 3 in Maces & Flails
  5759 | D:6      | Reached skill level 5 in Armour
  5945 | D:6      | Reached skill level 5 in Fighting
  6602 | D:6      | Reached skill level 4 in Maces & Flails
  6699 | D:6      | Reached XP level 9. HP: 63/68 MP: 7/9
  6800 | D:6      | Reached skill level 5 in Maces & Flails
  6930 | D:6      | Reached skill level 6 in Maces & Flails
  7391 | D:7      | Reached * piety under the Shining One
  7653 | D:7      | Noticed a hornet
  7664 | D:7      | Killed a hornet
  7665 | D:7      | Reached skill level 7 in Maces & Flails
  8479 | D:8      | Reached XP level 10. HP: 77/77 MP: 10/10
  8591 | D:8      | Reached ** piety under the Shining One
  8602 | D:8      | Reached skill level 8 in Maces & Flails
  8609 | D:8      | Noticed Pikel
  8652 | D:8      | Killed Pikel
  8653 | D:8      | Reached skill level 1 in Stealth
  8891 | D:8      | Reached skill level 9 in Maces & Flails
  9524 | D:9      | Noticed a two-headed ogre
  9529 | D:9      | Killed a two-headed ogre
  9958 | D:9      | Noticed Psyche
  9965 | D:9      | Killed Psyche
 10397 | D:9      | Reached skill level 10 in Maces & Flails
 10530 | D:9      | Noticed a death yak
 10545 | D:9      | Killed a death yak
 10546 | D:9      | Reached XP level 11. HP: 31/86 MP: 3/11
 10769 | D:9      | Noticed a death yak
 10851 | D:9      | Killed a death yak
 10853 | D:9      | Noticed a death yak
 10859 | D:9      | Reached skill level 11 in Maces & Flails
 10865 | D:9      | Killed a death yak
 10866 | D:9      | Reached skill level 1 in Invocations
 11266 | D:9      | Found a staircase to the Lair.
 11467 | D:9      | Found a stormy altar of Qazlal.
 11995 | Lair:1   | Entered Level 1 of the Lair of Beasts
 12766 | Lair:1   | Reached XP level 12. HP: 94/95 MP: 12/12
 12978 | Lair:1   | Reached skill level 12 in Maces & Flails
 13385 | Lair:2   | Identified the +0 robe of Lethargy {rF+ MP+9}
 13512 | Lair:2   | Noticed a five-headed hydra
 13519 | Lair:2   | Killed a five-headed hydra
 13559 | Lair:2   | Noticed a six-headed hydra
 13568 | Lair:2   | Killed a six-headed hydra
 13569 | Lair:2   | Reached skill level 10 in Fighting
 14018 | Lair:2   | Reached skill level 10 in Armour
 14272 | Lair:2   | Noticed a five-headed hydra
 14282 | Lair:2   | Killed a five-headed hydra
 14455 | Lair:2   | Found a staircase to the Swamp.
 14464 | Lair:2   | Reached skill level 13 in Maces & Flails
 14848 | Lair:2   | Found a large runed translucent door.
 14848 | Lair:2   | Found a large runed translucent door.
 14852 | Lair:2   | Noticed AverageBear's ghost (journeyman DDFi)
 15569 | Swamp:1  | Entered Level 1 of the Swamp
 15606 | Swamp:1  | Slain by a tyrant leech

Illustrated notes

Levels and vault maps discovered:
D:1:      nicolae_arrival_memento_mori, layout_basic, minmay_tromino_v4_c
D:2:      layout_basic
D:3:      layout_rooms, serial_shops, shop, nicolae_shop_hallway_plus, shop,
          shop, shop_coins
D:4:      layout_loops_cross, gup_ossuary_entry_pyramid, minmay_fountain_box,
          st_stairs_11, uniq_edmund
D:5:      layout_rooms, minmay_temple_entry_large_hall, sigmund_army
D:6:      layout_layer_cave, hangedman_abyss_or_decor_jellyfish_corner,
          kennysheep_doodads, minmay_quadrilaterals
D:7:      layout_rooms
D:8:      layout_rooms, minivault_24, uniq_pikel
D:9:      layout_loops_corners, nicolae_qazlal_style_of_elements,
          dpeg_lair_monsters, uniq_psyche
Temple:   nicolae_temple_the_god_donut
Lair:1:   layout_regular_city, nicolae_volcano_entry_vermiform
Lair:2:   layout_regular_city, minmay_swamp_entry_worms,
          ebering_ghost_disaster_area, grunt_megastairs_5, lemuel_fruit_fields,
          serial_bayou_shore_a, lemuel_fruit_fields, serial_bayou_shore_b
Swamp:1:  layout_basic_swamp, hangedman_swamp_ruin_hall

Skill      XL: |  1  2  3  4  5  6  7  8  9 10 11 12 |
---------------+-------------------------------------+-----
Long Blades    | 3 4 5 |  5.1
Dodging        | 1 2 |  2.1
Fighting       | 4 5 6 8 9 10 | 10.2
Armour         | 4 5 6 8 9 10 | 10.5
Maces & Flails | 2 4 7 10 11 13 | 13.1
Slings         | 1 |  1.1
Stealth        | 1 |  1.0
Invocations    | 1 |  1.2
Shields        | |  3.7

Action                   |  1- 3 |  4- 6 |  7- 9 | 10-12 || total
-------------------------+-------+-------+-------+-------++-------
Melee: Long sword        |   110 |   134 |       |       ||   244
       Dire flail        |       |       |   199 |   388 ||   587
 Fire: Hunting sling     |       |     2 |       |       ||     2
Invok: Divine Shield     |       |       |       |     4 ||     4
  Use: Scroll            |     1 |     7 |     4 |     1 ||    13
       Potion            |       |     3 |     3 |     3 ||     9
Armor: Scale mail        |    32 |    65 |    41 |       ||   138
       Plate armour      |       |       |   109 |   180 ||   289
Dodge: Dodged            |    51 |    71 |   121 |   108 ||   351
Block: Buckler           |    30 |    30 |       |       ||    60
       Other             |       |       |       |    12 ||    12
